 Dungeon Crawl Stone Soup version 0.27.1-3-gb3d3a73c9e (webtiles) character file.

Game seed: 17216668924525533025

8943 jlumianski the Cleaver (level 11, -2/68 HPs)
             Began as a Gargoyle Fighter on Oct 24, 2021.
             Was a Believer of Qazlal.
             Slain by an orc knight (27 damage)
             ... in a bailey.
             The game lasted 01:09:43 (10960 turns).

jlumianski the Cleaver (Gargoyle Fighter)          Turns: 10960, Time: 01:09:43

Health: -2/68      AC: 28    Str: 25    XL:     11   Next: 38%
Magic:  13/13      EV:  8    Int:  9    God:    Qazlal [**....]
Gold:   858        SH: 14    Dex: 10    Spells: 10/10 levels left

rFire    . . .     SeeInvis .   P - +5 war axe
rCold    + . .     Faith    +   c - +0 kite shield
rNeg     + . .     Spirit   .   B - +1 chain mail {rC+}
rPois    ∞         Reflect  .   o - +0 helmet
rElec    +         Harm     .   M - scarf {repulsion}
rCorr    .         Rampage  .   i - +2 pair of gloves {Str+3}
Will     .....                  (no boots)
Stlth    ..........             R - amulet of faith
HPRegen  0.21/turn              G - ring of flight
MPRegen  0.13/turn              y - +4 ring of protection

@: flying, repel missiles
A: sickness immunity, AC +8, negative energy resistance 1, electricity
resistance, torment resistance 1, petrification resistance
a: Renounce Religion, Upheaval


You were in a bailey.
You worshipped Qazlal.
Qazlal was pleased with you.
You visited 2 branches of the dungeon, and saw 11 of its levels.
You also visited: Bailey.

You collected 903 gold pieces.
You spent 45 gold pieces at shops.

Inventory:

Hand Weapons
 n - a +0 hunting sling
 F - a +0 hand crossbow
 L - a +0 fustibalus
 O - a +0 demon whip of freezing
 P - a +5 war axe (weapon)
 T - a +0 broad axe
Missiles
 g - 7 javelins
 j - 411 stones
 E - 8 throwing nets
 H - 9 boomerangs (quivered)
 Q - 31 sling bullets
Armour
 a - the +1 leather armour of Bitterness {rC+++ Str-2 Dex-2 SInv}
   (You found it in a bailey)

   Str:       It affects your strength (-2).
   Dex:       It affects your dexterity (-2).
   rC:        It renders you almost immune to cold.
   SInv:      It lets you see invisible.
 c - a +0 kite shield (worn)
 i - a +2 pair of gloves of strength (worn)
 o - a +0 helmet (worn)
 u - a scarf of harm
 x - a +0 cloak
 z - a +0 plate armour
 B - a +1 chain mail of cold resistance (worn)
 M - a scarf of repulsion (worn)
Jewellery
 k - the ring of Rygiud {Str+6 Int+5}
   (You acquired it on level 2 of the Dungeon)

   [ring of strength]

   Str:       It affects your strength (+6).
   Int:       It affects your intelligence (+5).
 y - a +4 ring of protection (right hand)
 C - a ring of willpower
 D - a +6 ring of dexterity
 G - a ring of flight (left hand)
 K - an amulet of the acrobat
 R - an amulet of faith (around neck)
Wands
 s - a wand of charming (3)
 I - a wand of digging (17)
Scrolls
 f - a scroll of blinking
 h - a scroll of vulnerability
 q - 4 scrolls of teleportation
 N - a scroll of fog
 S - 2 scrolls of amnesia
Potions
 d - a potion of might
 l - 2 potions of flight
 m - 5 potions of curing
 t - a potion of brilliance
 v - a potion of attraction {unknown}
 J - 2 potions of haste {unknown}
 U - a potion of cancellation {unknown}
Miscellaneous
 b - a lightning rod (1/4)


   Skills:
 + Level 7.7 Fighting
 + Level 10.1 Axes
 + Level 2.4(3.1) Slings
 + Level 2.7(3.2) Throwing
 + Level 7.5 Armour
 + Level 2.9 Dodging
 - Level 0.3 Stealth
 + Level 9.4 Shields
 * Level 3.6 Invocations


You had 10 spell levels left.
You didn't know any spells.
Your spell library contained the following spells:

 Spells                   Type           Power      Damage    Failure   Level
 Animate Skeleton         Necr           0%         N/A       99%         1
 Apportation              Tloc           0%         N/A       99%         1
 Pain                     Necr           0%         1d4       99%         1
 Conjure Flame            Conj/Fire      0%         6-21      100%        3
 Ignite Poison            Fire/Tmut/Pois 0%         N/A       100%        3
 Mephitic Cloud           Conj/Pois/Air  0%         N/A       100%        3
 Vampiric Draining        Necr           0%         2d6       100%        3
 Sticky Flame             Conj/Fire      0%         2d3       100%        4
 Alistair's Intoxication  Tmut/Pois      0%         N/A       100%        5
 Bolt of Magma            Conj/Fire/Erth 0%         4d4       100%        5
 Invisibility             Hex            0%         N/A       100%        6


Dungeon Overview and Level Annotations

Branches:
Dungeon (10/15)            Temple (1/1) D:7          Bailey (1/1)
   Lair: D:8-11         Orc: D:9-12

Altars:
Fedhas
Gozag
Hepliaklqana
Qazlal
Trog
Vehumet
Yredelemnul
Zin
The Shining One
Lugonu

Shops:
D:5 *

Portals:
Abyss: D:7

Annotations:
D:6 2 transporters
D:9 3 runed translucent doors, Ioian's ghost, novice MiFi


Innate Abilities, Weirdness & Mutations

You are immune to sickness and miasma.
Your stone body is resilient. (AC +8)
You are immune to poison.
You resist negative energy. (rN+)
You are resistant to electric shocks. (rElec)
You are resistant to unholy torment.
You are immune to petrification.


Message History

The orc warrior shoots a bolt.
The bolt closely misses you. You block the orc knight's attack.
Aiming: Thunderbolt
Press: ? - help, Shift-Dir - straight line, f/p - orc warrior
Aim: an orc warrior, wielding a +0 arbalest, wearing a +0 ring mail and quivering bolts (moderately wounded, strong)
The thunderbolt hits the orc warrior!
The orc warrior is almost dead.
You block the orc knight's attack.
That's the wrong kind of item! (Use * to select it.) Evoke which item? (* to show all) (? for menu, Esc to quit)
Huh?
Evoke which item? (* to show all) (? for menu, Esc to quit)
Okay, then.
Unknown command.
Aiming: Thunderbolt
Press: ? - help, Shift-Dir - straight line, f/p - orc warrior
Aim: an orc warrior, wielding a +0 arbalest, wearing a +0 ring mail and quivering bolts (almost dead, strong)
The thunderbolt hits the orc warrior!
You kill the orc warrior!
Qazlal accepts your kill. You block the orc knight's attack.
Aiming: Thunderbolt
Press: ? - help, Shift-Dir - straight line
Okay, then.
Aiming: Thunderbolt
Press: ? - help, Shift-Dir - straight line, f - orc knight
Aim: an orc knight, wielding a +0 halberd and wearing a +0 scale mail (lightly wounded, strong)
The thunderbolt hits the orc knight.
The orc knight is moderately wounded.
The orc knight hits you from afar with a +0 halberd!!
You feel much better. You block the orc knight's attack.
The orc knight hits you from afar with a +0 halberd!
The orc knight hits you but does no damage.
You closely miss the orc knight.
The orc knight is moderately wounded.
The orc knight hits you with a +0 halberd!
You closely miss the orc knight.
The orc knight is moderately wounded.
The orc knight hits you with a +0 halberd!!
You die...

### #
#########∩######## #.
##.....##)).##..... #$.
#.○○≈≈..#).)#..≈≈≈.
#[..#o@≈.≈≈.......≈≈.≈≈
#...'.≈.∩)≈.......≈)∩.≈
#...#.≈≈)≈≈.......≈≈.≈≈
#.. #..≈≈≈o.#...#..≈≈≈)
#$ ##..)..##...##.....
# #########∩########
###


You could see 2 orc knights.

Vanquished Creatures
  Harold (D:7)
  Erolcha (D:9)
  A two-headed ogre (D:9)
  The ghost of Chaicat the Protected, a novice MiBe of Trog (D:8)
  An orc knight (Bailey)
  Maurice (D:9)
  Joseph (D:7)
  Maggie (D:7)
  A gargoyle (D:8)
  Prince Ribbit (D:7)
  Sigmund (D:3)
  A wyvern (D:7)
  A steam dragon (D:7)
  An acid dragon (D:8)
  12 orc warriors
  A necrophage (D:7)
  An ice beast (D:6)
  3 ogres
  3 centaurs
  A phantom (D:5)
  5 bullfrogs
  A kobold brigand (D:7)
  A scorpion (D:7)
  A water moccasin zombie (D:4)
  A water moccasin skeleton (D:5)
  9 wights
  A howler monkey (D:7)
  4 centaur zombies
  4 bullfrog skeletons
  3 jellies
  2 gnoll shamans (D:8)
  2 orc priests
  3 hounds
  A centaur skeleton (D:3)
  Crazy Yiuf (D:3)
  5 iguanas
  Natasha (twice) (D:4)
  3 orc wizards
  A killer bee zombie (D:8)
  A howler monkey zombie (D:9)
  A hound skeleton (D:4)
  Robin (D:3)
  8 adders
  10 gnolls
  A howler monkey skeleton (D:6)
  A shadow imp (D:5)
  A white imp (D:7)
  2 ufetubi (D:4)
  An adder skeleton (D:4)
  3 worms
  34 orcs
  5 endoplasms
  3 giant cockroaches
  13 goblins
  10 hobgoblins
  4 jackals (D:1)
  A quokka (D:1)
  5 ball pythons
  7 bats
  A frilled lizard (D:1)
  7 kobolds
  4 rats
209 creatures vanquished.

Vanquished Creatures (others)
  An orc warrior (D:9)
  An orc wizard (D:7)
  An orc (D:9)
  A fungus (D:1)
  A plant (D:1)
5 creatures vanquished.

Grand Total: 214 creatures vanquished

Notes
Turn   | Place    | Note
-------+----------+-------------------------------------------
     0 | D:1      | jlumianski the Gargoyle Fighter began the quest for the
                  | Orb.
     0 | D:1      | Reached XP level 1. HP: 14/14 MP: 1/1
   297 | D:1      | Reached XP level 2. HP: 19/19 MP: 2/2
   626 | D:1      | Reached skill level 2 in Axes
   718 | D:1      | Reached XP level 3. HP: 22/23 MP: 3/3
   909 | D:1      | Found a faded altar of an unknown god.
  1152 | D:2      | Noticed Robin
  1398 | D:3      | Killed Robin
  1609 | D:2      | Reached XP level 4. HP: 29/29 MP: 4/4
  2075 | D:2      | Reached skill level 1 in Slings
  2215 | D:2      | Reached XP level 5. HP: 26/33 MP: 5/5
  2897 | D:2      | Identified 2 scrolls of acquirement
  2897 | D:2      | Acquired a +0 pair of gloves of strength
  2903 | D:2      | Acquired the ring of Rygiud {Str+6 Int+5}
  3125 | D:3      | Noticed Sigmund
  3132 | D:3      | Killed Sigmund
  3133 | D:3      | Reached skill level 3 in Axes
  3133 | D:3      | Reached XP level 6. HP: 38/38 MP: 6/6
  3261 | D:3      | Found a runed translucent door.
  3262 | D:3      | Noticed Crazy Yiuf
  3268 | D:3      | Paralysed by Crazy Yiuf for 2 turns
  3273 | D:3      | Killed Crazy Yiuf
  3274 | D:3      | Reached skill level 5 in Shields
  4076 | D:4      | Reached XP level 7. HP: 43/43 MP: 7/7
  4084 | D:4      | Reached skill level 4 in Axes
  4140 | D:3      | Reached skill level 1 in Dodging
  4432 | D:4      | Noticed Natasha
  4435 | D:4      | Killed Natasha
  4513 | D:4      | Noticed Natasha
  4521 | D:4      | Killed Natasha
  4522 | D:4      | Reached XP level 8. HP: 23/48 MP: 8/8
  4776 | D:5      | Entered Level 5 of the Dungeon
  4777 | D:5      | Found Juamac's CLEARANCE SALE! EVERYTHING MUST GO!.
  4788 | D:5      | Bought a scroll of blinking for 45 gold pieces
  4841 | D:4      | Reached skill level 5 in Armour
  4918 | D:5      | Reached skill level 5 in Axes
  5003 | D:5      | Found a glowing golden altar of the Shining One.
  5114 | D:5      | Found a blossoming altar of Fedhas.
  5535 | D:5      | Reached skill level 5 in Fighting
  5740 | D:6      | Reached skill level 6 in Axes
  5787 | D:6      | Found a basalt altar of Yredelemnul.
  5801 | D:6      | Noticed a vampire
  5826 | D:6      | Noticed a boulder beetle
  5828 | D:6      | Found a transporter.
  5845 | D:6      | Found a transporter.
  6244 | D:6      | Reached XP level 9. HP: 52/55 MP: 9/9
  6477 | D:7      | Found a large runed translucent door.
  6477 | D:7      | Found a large runed translucent door.
  6480 | D:7      | Found a corrupted altar of Lugonu.
  6541 | D:7      | Found a one-way gate to the infinite horrors of the Abyss.
  6699 | D:7      | Noticed Maggie
  6713 | D:7      | Killed Maggie
  6714 | D:7      | Reached skill level 7 in Axes
  6910 | D:7      | Found a staircase to the Ecumenical Temple.
  6949 | Temple   | Entered the Ecumenical Temple
  6958 | Temple   | Became a worshipper of Qazlal Stormbringer
  7200 | D:7      | Noticed Prince Ribbit
  7208 | D:7      | Killed Prince Ribbit
  7256 | D:7      | Noticed Joseph
  7272 | D:7      | Killed Joseph
  7429 | D:7      | Reached skill level 8 in Axes
  7836 | D:7      | Reached XP level 10. HP: 56/61 MP: 10/10
  7997 | D:7      | Noticed Harold
  8008 | D:7      | Killed Harold
  8200 | D:7      | Found an opulent altar of Gozag.
  8306 | D:8      | Reached * piety under Qazlal
  8312 | D:8      | Reached skill level 9 in Axes
  8393 | D:8      | Noticed a gargoyle
  8397 | D:8      | Killed a gargoyle
  8442 | D:8      | Noticed a death knight
  9125 | D:8      | Found a runed translucent door.
  9128 | D:8      | Noticed Chaicat's ghost (novice MiBe)
  9313 | D:8      | Killed Chaicat's ghost
  9314 | D:8      | Reached skill level 1 in Throwing
  9314 | D:8      | Reached skill level 1 in Invocations
  9483 | D:10     | Entered Level 10 of the Dungeon
  9574 | D:9      | Noticed a two-headed ogre
  9594 | D:9      | Killed a two-headed ogre
  9595 | D:9      | Reached XP level 11. HP: 62/67 MP: 12/12
  9615 | D:9      | Noticed a skeletal warrior
  9618 | D:9      | Found a runed translucent gate.
  9618 | D:9      | Found a runed translucent gate.
  9618 | D:9      | Found a runed translucent gate.
  9618 | D:9      | Noticed Ioian's ghost (novice MiFi)
  9619 | D:9      | Noticed a centaur warrior
  9621 | D:9      | Noticed a two-headed ogre
  9632 | D:9      | Noticed Erolcha
  9639 | D:9      | Killed Erolcha
  9674 | D:9      | Noticed Maurice
  9691 | D:9      | Killed Maurice
  9692 | D:9      | Reached skill level 10 in Axes
  9747 | D:9      | Found a flagged portal.
  9762 | Bailey   | Entered a bailey
  9763 | Bailey   | Noticed an orc knight
  9791 | Bailey   | HP: 1/68 [orc warrior/bolt (12)]
 10831 | Bailey   | Reached ** piety under Qazlal
 10852 | Bailey   | Identified the +1 leather armour of Bitterness {rC+++ Str-2
                  | Dex-2 SInv}
 10921 | Bailey   | Killed an orc knight
 10932 | Bailey   | Noticed an orc knight
 10934 | Bailey   | Noticed an orc knight
 10960 | Bailey   | Slain by an orc knight

Illustrated notes

Levels and vault maps discovered:
D:1:      eino_arrival_tree_alley, layout_rooms,
          shapermc_ecumenical_altar_petra, hangedman_decor_clover_reticule,
          glass_columns_a
D:2:      minmay_evil_eye, layout_basic, minmay_strange_pillars, uniq_robin
D:3:      layout_basic, columned_hall_lemuel, feat_on_display, uniq_sigmund,
          uniq_crazy_yiuf_cottage
D:4:      minmay_octagon_keep, layout_rooms, uniq_natasha
D:5:      layout_loops_ring, nicolae_tso_carved_into_rock, old_standard_altar,
          minivault_5, nicolae_shop_clearance
D:6:      layout_cave_pools, gammafunk_temple_overflow_arena,
          kennysheep_generic_room_7
D:7:      due_chaos_kobolds, layout_cave_pools, grunt_gozag_breadcrumbs,
          minmay_temple_entry_tees, roderic_lattice_a, minmay_bent,
          uniq_prince_ribbit1, uniq_joseph, uniq_harold, uniq_maggie
D:8:      layout_loops_ring, ebering_ghost_reflecting_pool,
          hangedman_minor_gate_pass
D:9:      layout_roguey, dpeg_lair_monsters, minmay_orc_entry_temple_small,
          enter_bailey_8, gammafunk_ghost_split, lemuel_flamethrower_2,
          uniq_erolcha, uniq_maurice
D:10:     layout_roguey, minmay_hollow_rounded_squares
Temple:   compressed_dpeg_circular_temple
Bailey:   bailey_polearm_4, bailey

Skill      XL: |  1  2  3  4  5  6  7  8  9 10 11 |
---------------+----------------------------------+-----
Axes           | 2 3 4 6 8 9 10 | 10.1
Shields        | 4 5 6 7 8 9 |  9.4
Slings         | 1 2 |  2.4
Armour         | 4 5 6 7 |  7.5
Fighting       | 4 5 6 7 |  7.7
Dodging        | 1 2 |  2.9
Throwing       | 1 2 |  2.7
Invocations    | 2 3 |  3.6
Stealth        | |  0.3

Action                   |  1- 3 |  4- 6 |  7- 9 | 10-12 || total
-------------------------+-------+-------+-------+-------++-------
Melee: War axe           |   138 |   144 |   339 |   213 ||   834
 Fire: Hunting sling     |    10 |    19 |       |       ||    29
       Fustibalus        |       |       |     2 |       ||     2
Throw: Javelin           |       |       |     5 |       ||     5
       Boomerang         |       |       |       |    99 ||    99
Evoke: Lightning rod     |       |       |       |     3 ||     3
       Wand              |       |       |       |     1 ||     1
  Use: Scroll            |       |    11 |     5 |     2 ||    18
       Potion            |       |       |       |     3 ||     3
Armor: Scale mail        |    20 |       |       |       ||    20
       Chain mail        |    75 |   118 |   180 |   112 ||   485
       Plate armour      |       |       |     9 |       ||     9
Dodge: Dodged            |    49 |    42 |   122 |    91 ||   304
       Repelled          |       |       |       |     1 ||     1
Block: Kite shield       |    89 |   103 |   211 |   232 ||   635
